 Dungeon Crawl Stone Soup version 0.31.0-11-ge490571c62 (webtiles) character file.

Game seed: 2096024101211924348

65 Chiseanne the Covered (level 3, 2/28 HPs)
             Began as a Demonspawn Wanderer on Feb 10, 2024.
             Quit the game on level 3 of the Dungeon.
             The game lasted 00:02:29 (1193 turns).

Chiseanne the Covered (Demonspawn Wanderer)         Turns: 1193, Time: 00:02:29

Health: 2/28       AC: 10    Str:  7 (10) XL:     3   Next: 94%
Magic:  3/3        EV:  4    Int:  9 (11) God:
Gold:   106        SH:  0    Dex: 14 (17) Spells: 2/2 levels left

rFire   . . .        a - +0 quarterstaff (elec)
rCold   . . .        (shield currently unavailable)
rNeg    . . .        b - +0 chain mail
rPois   .            (no helmet)
rElec   .            (no cloak)
rCorr   .            (no gloves)
SInv    .            g - +0 pair of boots
Will    .....        (no amulet) Stlth
                     (no ring)
HPRegen 0.24/turn    (no ring)
MPRegen 0.08/turn

%: no passive effects
@: attractive
A: demonic guardian 1
a: no special abilities


You were on level 3 of the Dungeon.
You visited 1 branch of the dungeon, and saw 3 of its levels.

You collected 106 gold pieces.

Inventory:

Hand Weapons
 a - a +0 quarterstaff of electrocution (weapon)
Missiles
 f - 40 stones (quivered)
Armour
 b - a +0 chain mail (worn)
 g - a +0 pair of boots (worn)
Scrolls
 c - a scroll of identify {unknown}
 d - 4 scrolls of teleportation


   Skills:
 * Level 2.9 Fighting
 - Level 1.7 Staves
 - Level 1.0 Throwing
 * Level 3.3 Armour
 * Level 1.6 Dodging
 - Level 1.0 Stealth
 - Level 1.0 Evocations


You had 2 spell levels left.
You didn't know any spells.
Your spell library contained the following spells:

 Spells                   Type           Power      Damage    Failure   Level
 Magic Dart               Conj           0%         1d3       100%        1
 Blink                    Tloc           0%         N/A       100%        2
 Call Imp                 Summ           0%         N/A       100%        2
 Mercury Vapours          Alch/Air       0%         N/A       100%        2
 Mephitic Cloud           Conj/Alch/Air  0%         N/A       100%        3
 Freezing Cloud           Conj/Ice/Air   0%         6-21      100%        5


Dungeon Overview and Level Annotations

Branches:
Dungeon (3/15)

Altars:

Shops:
D:2 [

Annotations:
D:2 1 runed translucent door, Crazy Yiuf


Innate Abilities, Weirdness & Mutations

A weak demonic guardian rushes to your aid.


Message History

A rat comes into view.
Something hits you but does no damage. The orc hits you with a +0 war axe.
* * * LOW HITPOINT WARNING * * *
Okay, then.
Unknown command.
It was a potion of attraction.
You feel attractive to monsters.
The orc wizard hits you with a +0 dagger.
* * * LOW HITPOINT WARNING * * *
A hobgoblin comes into view.
Something hits you but does no damage. The orc hits you with a +0 war axe.
* * * LOW HITPOINT WARNING * * *
A demonic guardian appears!
The hobgoblin is attracted toward you.
It was a potion of degeneration.
There was something very wrong with that liquid.
You feel weakened.
You feel dopey.
You feel clumsy.
The orc wizard hits you but does no damage.
The orc hits you but does no damage. Something hits you.
* * * LOW HITPOINT WARNING * * *
Your shadow imp barely misses the orc wizard.
You bump into the rock wall.
The orc wizard casts a spell at you.
The puff of flame hits you but does no damage.
The orc hits you with a +0 war axe.
* * * LOW HITPOINT WARNING * * *
Something hits you but does no damage.
Your shadow imp closely misses the orc wizard.
You bump into the rock wall.
You feel less confused.
The orc wizard hits you but does no damage.
The orc hits you but does no damage. Something hits you but does no damage.
Your shadow imp barely misses the orc wizard.
Unknown command.
Unknown command.
Unknown command.
Unknown command.
Unknown command.
Unknown command.
Unknown command.
Are you sure you want to abandon this character and quit the game? (Confirm with "yes".)

#.............# .....
#...........<.##
.....###.................
.......+............#.###
.......#..............###
.......#.................
.......#..............###
......g#o.............#
......r{@.........<..##
.......#o5...........###
.......#.............#.#
.......#........#....#.##
.#+##..#.#...............
#..#.+..............<
+..###......#........ #.#
#......#....#.#.
.......#........


You could see an orc wizard (ally target), an orc, a hobgoblin, a rat and a
friendly shadow imp (summoned).

Vanquished Creatures
  An adder (D:2)
  4 dart slugs
  8 ball pythons
  3 bats
  2 endoplasms (D:1)
  6 giant cockroaches
  3 goblins
  2 hobgoblins (D:1)
  A quokka (D:3)
  4 frilled lizards
  7 kobolds
  2 rats
43 creatures vanquished.

Vanquished Creatures (collateral kills)
  A kobold (D:2)
  A quokka (D:2)
2 creatures vanquished.

Grand Total: 45 creatures vanquished

Notes
Turn   | Place    | Note
-------+----------+-------------------------------------------
     0 | D:1      | Chiseanne the Demonspawn Wanderer began the quest for the
                  | Orb.
     0 | D:1      | Chiseanne set off with the following items: a +0
                  | quarterstaff, a +0 chain mail, a scroll of vulnerability, a
                  | scroll of teleportation.
     0 | D:1      | Reached XP level 1. HP: 16/16 MP: 1/1
   110 | D:1      | Gained mutation: A weak demonic guardian rushes to your
                  | aid. [demonic ancestry]
   110 | D:1      | Reached XP level 2. HP: 14/22 MP: 2/2
   239 | D:1      | Reached skill level 3 in Armour
   245 | D:1      | Reached skill level 1 in Dodging
   487 | D:2      | Reached XP level 3. HP: 21/28 MP: 3/3
   522 | D:2      | Found a faded altar of an unknown god.
   589 | D:2      | Found Yfoangok's Antique Armour Shop.
   699 | D:2      | Found a runed translucent door.
   700 | D:2      | Noticed Crazy Yiuf
  1193 | D:3      | Chiseanne: FUCK YOU DISGUSTING SHITHEADS
  1193 | D:3      | Quit the game

Illustrated notes

Levels and vault maps discovered:
D:1:      minmay_arrival_semitransparent, layout_rooms, minmay_tetromino_i4
D:2:      layout_rooms, serial_shops, nicolae_shop_tiny_glass,
          hellmonk_ecumenical_altar_run_dry, uniq_crazy_yiuf_cottage
D:3:      layout_basic, nicolae_hepliaklqana_hippocampus

Skill      XL: |  1  2 |
---------------+-------+-----
Armour         | 3 |  3.3
Dodging        | 1 |  1.6
Fighting       | |  2.9
Staves         | |  1.7
Throwing       | |  1.0
Stealth        | |  1.0
Evocations     | |  1.0

Action                     || total
---------------------------++-------
  Melee: Quarterstaff      ||   131
    Use: Scroll            ||     2
         Potion            ||     2
 Armour: Chain mail        ||   180
  Dodge: Dodged            ||    29
